 Dungeon Crawl Stone Soup version 0.27-a0-604-g29a88b33a7 (webtiles) character file.

Game seed: 5123860038489650729

95 foci the Skirmisher (level 4, -2/29 HPs)
             Began as a Gargoyle Fighter on Mar 12, 2021.
             Slain by a gnoll
             ... wielding a +0 halberd
              (8 damage)
             ... on level 3 of the Dungeon.
             The game lasted 00:02:20 (2196 turns).

foci the Skirmisher (Gargoyle Fighter)              Turns: 2196, Time: 00:02:21

Health: -2/29      AC: 10    Str: 19    XL:     4   Next: 66%
Magic:  4/4        EV:  7    Int:  9    God:
Gold:   139        SH:  9    Dex: 10    Spells: 3/3 levels left

rFire    . . .     SeeInvis .   a - +0 war axe
rCold    . . .     Faith    .   c - +0 kite shield
rNeg     + + .     Spirit   .   b - +0 scale mail
rPois    ∞         Reflect  .   (no helmet)
rElec    +         Harm     .   (no cloak)
rCorr    .         Rampage  .   (no gloves)
Will     .....                  (no boots)
Stlth    ..........             (no amulet)
HPRegen  0.09/turn              e - ring of positive energy
MPRegen  0.09/turn              (no ring)

@: no status effects
A: negative energy resistance 1, electricity resistance, torment resistance 1,
unbreathing 1, petrification resistance, AC +3
a: no special abilities


You were on level 3 of the Dungeon.
You visited 1 branch of the dungeon, and saw 3 of its levels.

You collected 139 gold pieces.

Inventory:

Hand Weapons
 a - a +0 war axe (weapon)
Armour
 b - a +0 scale mail (worn)
 c - a +0 kite shield (worn)
Jewellery
 e - a ring of positive energy (right hand)
Scrolls
 g - 2 scrolls of amnesia {unknown}
 h - a scroll of enchant armour {unknown}
 i - a scroll of random uselessness {unknown}
 j - a scroll of identify {unknown}
 k - a scroll of teleportation {unknown}
Potions
 d - a potion of might
 f - 2 potions of haste {unknown}
 l - a potion of mutation {unknown}


   Skills:
 + Level 3.7 Fighting
 * Level 3.2 Axes
 + Level 3.6 Armour
 * Level 1.0 Dodging
 + Level 3.7 Shields


You had 3 spell levels left.
You didn't know any spells.
Your spell library was empty.

Dungeon Overview and Level Annotations

Branches:
Dungeon (3/15)

Altars:


Innate Abilities, Weirdness & Mutations

Your stone body is resilient. (AC +3)
You are immune to poison.
You resist negative energy. (rN+)
You are resistant to electric shocks. (rElec)
You are resistant to unholy torment.
You can survive without breathing.
You are immune to petrification.


Message History

You open the door.
There is an open door here.
There is a shaft here.
Found a stone staircase leading down.
A gnoll comes into view. It is wielding a +0 spear.
The gnoll shouts!
You hear a shout! x2
The gnoll throws a throwing net.
You block the throwing net.
A gnoll comes into view. It is wielding a +0 halberd.
A gnoll comes into view. It is wielding a +0 club.
You see here a throwing net.
There are monsters nearby!
A gnoll comes into view. It is wielding a +0 halberd.
The gnoll shouts! x2
The gnoll hits you from afar with a +0 spear.
The gnoll barely misses you.
Unknown command.
You hit the gnoll.
The gnoll is lightly wounded.
You block the gnoll's attack.
You slash the gnoll!
The gnoll is severely wounded.
The gnoll hits you but does no damage. x3; You block the gnoll's attack.
Your shield prevents you from hitting the gnoll.
You slash the gnoll!
You kill the gnoll!
The gnoll hits you but does no damage.
The gnoll hits you from afar with a +0 halberd!
The gnoll hits you but does no damage.
The gnoll hits you but does no damage. x3
Found a scroll labelled REDINT RUNENK.
You hit the gnoll but do no damage. x2; You hit the gnoll.
The gnoll barely misses you. You block the gnoll's attack.
The gnoll hits you but does no damage. The gnoll hits you with a +0 halberd!
* * * LOW HITPOINT WARNING * * *
You hit the gnoll but do no damage. You hit the gnoll.
You barely miss the gnoll. The gnoll barely misses you.
You block the gnoll's attack. The gnoll hits you with a +0 halberd.
* * * LOW HITPOINT WARNING * * *
The gnoll hits you with a +0 halberd!
You die...

.......###.##.#.# ...
..(....#....#.#.#......
.......#....#.#.#.....
.......#.............
.......#.............
.......#...#.......##
.......#...#.(####'#####
##...........>..g.......
.######.....#.@.......
.# ........#g.g......
###.....#.?.......
#.....#........?
+.....#.........
#.....#.........
#.....#.........
#.........


You could see 3 gnolls.

Vanquished Creatures
  2 adders
  2 gnolls
  A worm (D:2)
  2 leopard geckos
  4 orcs (D:3)
  4 bats
  3 giant cockroaches
  A hobgoblin (D:2)
  4 jackals (D:1)
  2 quokkas (D:3)
  3 frilled lizards
  7 goblins
  6 kobolds
  7 rats
48 creatures vanquished.

Notes
Turn   | Place    | Note
-------+----------+-------------------------------------------
     0 | D:1      | foci the Gargoyle Fighter began the quest for the Orb.
     0 | D:1      | Reached XP level 1. HP: 14/14 MP: 1/1
     6 | D:1      | Noticed a killer bee
     7 | D:1      | Noticed a water moccasin
     7 | D:1      | Noticed a black bear
   253 | D:1      | Reached XP level 2. HP: 19/19 MP: 2/2
   390 | D:1      | Reached XP level 3. HP: 19/23 MP: 3/3
   597 | D:1      | You fall into a shaft and drop 1 floor!
  1446 | D:2      | Found a faded altar of an unknown god.
  1822 | D:3      | Reached XP level 4. HP: 20/29 MP: 4/4
  2112 | D:3      | Reached skill level 1 in Dodging
  2196 | D:3      | Slain by a gnoll

Illustrated notes

Levels and vault maps discovered:
D:1:      onia_arrival_zoo_common, layout_basic
D:2:      layout_basic, chequers_ecumenical_altar_simple_redux
D:3:      layout_basic

Skill      XL: |  1  2  3  4 |
---------------+-------------+-----
Axes           | 2 3 |  3.2
Dodging        | 1 |  1.0
Fighting       | |  3.7
Armour         | |  3.6
Shields        | |  3.7

Action                   |  1- 3 |  4- 6 || total
-------------------------+-------+-------++-------
Melee: War axe           |    96 |    49 ||   145
Armor: Scale mail        |    76 |    51 ||   127
Dodge: Dodged            |    44 |    24 ||    68
Block: Kite shield       |    62 |    41 ||   103

Table legend: (Time is in decaauts)
 A = Elapsed time spent in this place.
 B = Non-inter-level travel time spent in this place.
 C = Inter-level travel time spent in this place.
 D = Time resting spent in this place.
 E = Time spent auto-exploring this place.
 F = Levels seen in this place.
 G = Mean time per level.
                   A        B        C        D        E       F      G
               +--------+--------+--------+--------+--------+-----+--------+
         Total |   2282 |   2161 |    121 |      0 |   1749 |   3 |  760.7 |
       Dungeon |   2282 |   2161 |    121 |      0 |   1749 |   3 |  760.7 |
               +--------+--------+--------+--------+--------+-----+--------+

Top non-repeatable levels by time:
     D:1: 1090 daAuts
     D:2: 777 daAuts
     D:3: 415 daAuts
